 Dungeon Sprint DCSS version 0.31-a0-1027-gfb7600b534 (webtiles) character file.

Game seed: 14624299334943820679

485 Conn the Arsonist (level 7, -4/41 HPs)
             Began as an Octopode Fire Elementalist on Nov 18, 2023.
             Was an Initiate of Sif Muna.
             Slain by a tentacle (27 damage)
             ... attached to a kraken
             ... in the Dungeon (Sprint II: "The Violet Keep of Menkaure").
             The game lasted 00:08:36 (391 turns).

Conn the Arsonist (Octopode Fire Elementalist)       Turns: 391, Time: 00:08:37

Health: -4/41      AC:  1    Str:  7    XL:     7   Next: 13%
Magic:  17/17      EV: 14    Int: 20    God:    Sif Muna [......]
Gold:   150        SH:  0    Dex: 12    Spells: 2/20 levels left

rFire   . . .        (no weapon)
rCold   . . .        (no shield)
rNeg    . . .        (helmet restricted)
rPois   .            (no amulet)
rElec   .            (no ring)
rCorr   .            (no ring)
SInv    .            (no ring)
Will    .....        (no ring)
Stlth   +++++        (no ring)
HPRegen 0.26/turn    (no ring)
MPRegen 0.15/turn    (no ring)
                     (no ring)

%: no teleportation
@: no status effects
A: almost no armour, amphibious, 8 rings, camouflage 1, gelatinous body 1,
nimble swimmer 1, tentacles
a: Renounce Religion


You were in the Dungeon.
You worshipped Sif Muna.
Sif Muna was noncommittal.
You visited 1 branch You collected 366 gold pieces.
You spent 216 gold pieces at shops.

Inventory:

Missiles
 p - 3 curare-tipped darts
Scrolls
 c - 4 scrolls of amnesia {unknown}
 e - 3 scrolls of fog {unknown}
 f - 2 scrolls of blinking
 g - a scroll of poison {unknown}
 i - 4 scrolls of identify {unknown}
 l - a scroll of revelation {unknown}
 m - a scroll of acquirement {unknown}
 q - a scroll of immolation {unknown}
 r - a scroll of vulnerability {unknown}
Potions
 a - 7 potions of magic
 b - 3 potions of curing
 d - a potion of haste
 h - 3 potions of resistance {unknown}
 j - 3 potions of heal wounds
 k - a potion of might {unknown}
 n - a potion of berserk rage
 o - 3 potions of enlightenment {unknown}
 s - a potion of degeneration {unknown}


   Skills:
 + Level 5.1 Dodging
 - Level 5.5 Stealth
 - Level 0.7 Unarmed Combat
 + Level 7.0 Spellcasting
 + Level 5.2 Conjurations
 + Level 1.6 Hexes
 + Level 1.5 Summonings
 + Level 9.8 Fire Magic
 + Level 1.5 Air Magic
 + Level 2.0 Poison Magic
 * Level 0.0 Invocations


You had 2 spell levels left.
You knew the following spells:

 Your Spells              Type           Power      Damage    Failure   Level
a - Foxfire               Conj/Fire      100%       2x1d9     1%          1
b - Scorch                Fire           92%        2d8       1%          2
c - Inner Flame           Hex/Fire       29%        N/A       2%          3
d - Flame Wave            Conj/Fire      37%        2d10      4%          4
e - Call Imp              Summ           26%        N/A       8%          2
f - Mephitic Cloud        Conj/Pois/Air  18%        N/A       9%          3
g - Hailstorm             Conj/Ice       17%        3d6       10%         3

Your spell library contained the following spells:

 Spells                   Type           Power      Damage    Failure   Level
 Magic Dart               Conj           100%       1d8       1%          1
 Freeze                   Ice            28%        1d5       10%         1
 Volatile Blastmotes      Fire/Tloc      52%        2d14      3%          3
 Frozen Ramparts          Ice            14%        1d3       28%         3


Dungeon Overview and Level Annotations

Branches:
Dungeon (1/1)

Altars:
Cheibriados
Dithmenos
Elyvilon
Fedhas
Gozag
Hepliaklqana
Kikubaaqudgha
Makhleb
Nemelex Xobeh
Okawaru
Qazlal
Ru
Sif Muna
Trog
Uskayaw
Vehumet
Wu Jian
Xom
Yredelemnul
Zin
The Shining One
Jiyva
Lugonu

Shops:
D (::?*(=(:[[!!==

Annotations:
D exclusion: oklob plant, Roxanne


Innate Abilities, Weirdness & Mutations

You cannot wear most types of armour.
You are amphibious.
You can wear up to eight rings at the same time.
Your skin changes colour to match your surroundings (Stealth+).
Your rubbery body absorbs attacks. (AC +1, EV +1)
You are camouflaged when in or above water. (Stealth+)
You have tentacles for arms and can constrict up to eight enemies at once.


Message History

You now have 109 gold pieces (gained 5).
You see here 3 curare-tipped darts.
p - 3 curare-tipped darts
i - 4 scrolls labelled LATWEF ZUSY (gained 1)
You pick up a book of Frost and begin reading...
You add the spells Freeze, Frozen Ramparts and Hailstorm to your library.
The walls and floor vibrate strangely for a moment.
You see here 7 stones.
You see here a +0 spear.
q - a scroll labelled INYJYSTRIPOUM You now have 121 gold pieces (gained 12).
r - a scroll labelled QUONIAJIAD You now have 128 gold pieces (gained 7).
You now have 141 gold pieces (gained 13).
b - 3 potions of curing (gained 1)
a - 7 potions of magic (gained 1)
You see here 4 stones.
You see here an orb of guile.
You now have 150 gold pieces (gained 9).
s - a fuming grey potion You see here a +0 long sword.
You see here an orb of guile.
You see here 7 stones.
You see here a +0 pair of gloves.
You see here 6 stones.
This spell is dangerous to cast!
You start memorising the spell.
You continue memorising. x3
You finish memorising.
Spell assigned to 'g'.
You see here a +0 leather armour.
Okay, then.
Unknown command.
As you open the door, it creaks loudly!
There is an open door here.
You enter the shallow water.
Tentacles burst out of the water! 2 tentacles come into view.
The tentacle slaps you!!
The water moccasin hisses angrily.
The tentacle slaps you!!
Ouch! That really hurt!
You die...

#}[▓....)(..▓▓ #
+.####[○▓)).)(...▓▓ .#
...####▓.....[..▓▓ .##
#..# #▓.[)(((..▓▓ ..# +..#
#▓.....)((▓▓ ..# #..#
#▓..).....▓▓
..####..####▓......[.▓▓
..§.###.^.##▓▓▓▓▓▓▓Λ▓▓▓▓+▓
.§§.§.~~~~~~~~~~@w~.──Xw≈▓
~....§~#'########+###ww≈≈▓
~~~~..~#_._.....#~§~##≈≈≈▓
~~~~~.~#._._....#S§§≈####▓
≈≈~§§~~#_._._...#§~~§≈#
≈§≈§~~~#._._._..#~~~≈≈≈
§≈≈≈§≈§#_._._._.#§§~~~≈
§≈###§≈#._._._._#~~§~≈S
§§# #≈≈#.._._._.#§~


You could see a kraken, 4 tentacles and 2 water moccasins.

Vanquished Creatures
  A vampire mosquito (D)
  Menkaure (D)
  4 scorpions (D)
6 creatures vanquished.

Vanquished Creatures (others)
  A water moccasin (D)
1 creature vanquished.

Grand Total: 7 creatures vanquished

Notes
Turn   | Place    | Note
-------+----------+-------------------------------------------
     0 | D        | Conn the Octopode Fire Elementalist began the quest for the
                  | Orb.
     0 | D        | Reached XP level 1. HP: 11/11 MP: 3/3
     1 | D        | Noticed a merfolk siren
     4 | D        | Noticed a scorpion
     4 | D        | Noticed a scorpion
     4 | D        | Noticed a scorpion
     4 | D        | Noticed a scorpion
    10 | D        | Killed a scorpion
    11 | D        | Reached skill level 6 in Fire Magic
    11 | D        | Reached XP level 2. HP: 17/17 MP: 3/6
    11 | D        | Reached XP level 3. HP: 21/21 MP: 4/8
    11 | D        | Reached XP level 4. HP: 27/27 MP: 4/9
    13 | D        | Killed a scorpion
    14 | D        | Reached skill level 7 in Fire Magic
    14 | D        | Reached XP level 5. HP: 31/31 MP: 4/11
    20 | D        | Reached skill level 5 in Spellcasting
    20 | D        | Reached skill level 8 in Fire Magic
    22 | D        | Reached skill level 5 in Stealth
    22 | D        | Reached XP level 6. HP: 36/36 MP: 4/14
    34 | D        | Learned a level 2 spell: Scorch
    38 | D        | Learned a level 3 spell: Inner Flame
    43 | D        | Learned a level 4 spell: Flame Wave
    48 | D        | Noticed a flying skull
    49 | D        | Noticed a flying skull
    49 | D        | Noticed a flying skull
    49 | D        | Noticed a flying skull
    49 | D        | Noticed a flying skull
    50 | D        | Noticed a flying skull
    50 | D        | Noticed a flying skull
    50 | D        | Noticed a flying skull
    50 | D        | Noticed Menkaure
    53 | D        | Noticed a flying skull
    54 | D        | Noticed a flying skull
    55 | D        | Killed Menkaure
    55 | D        | Noticed a flying skull
    56 | D        | Reached skill level 9 in Fire Magic
    56 | D        | Found Daplat Huit's Jewellery Boutique.
    56 | D        | Found Cofioso's Jewellery Shop.
    57 | D        | Found Leipauma's Distillery.
    57 | D        | Found Betuof's Distillery.
    58 | D        | Found Pul Veha's Antique Armour Shop.
    59 | D        | Found Reymm's Antique Armour Boutique.
    60 | D        | Found Buazemiz's Antique Weapon Shop.
    60 | D        | Found Joecanue's Book Boutique.
    61 | D        | Found Fagon's Jewellery Shop.
    61 | D        | Found Lawygrarage's Weapon Boutique.
    61 | D        | Noticed a wyvern
    62 | D        | Noticed a wyvern
    64 | D        | Found Saibiwoa's Assorted Antiques.
    64 | D        | Found Cytz's Magic Scroll Shop.
    64 | D        | Noticed an oklob plant
    65 | D        | Found Ustrem's Book Shop.
    65 | D        | Found Zaghax's Antique Weapon Boutique.
    65 | D        | Found Juudy's Book Shoppe.
    65 | D        | Noticed an iron elemental
    79 | D        | Bought a book of Minor Magic for 216 gold pieces
    80 | D        | Killed a water moccasin
    82 | D        | Learned a level 2 spell: Call Imp
    86 | D        | Learned a level 3 spell: Mephitic Cloud
   104 | D        | Noticed a vampire mosquito
   108 | D        | Killed a vampire mosquito
   109 | D        | Reached skill level 5 in Dodging
   109 | D        | Reached skill level 5 in Conjurations
   109 | D        | Reached skill level 1 in Hexes
   109 | D        | Reached skill level 1 in Summonings
   109 | D        | Reached skill level 1 in Air Magic
   109 | D        | Reached XP level 7. HP: 37/41 MP: 2/17
   217 | D        | Noticed Roxanne
   226 | D        | Found an iron altar of Okawaru.
   226 | D        | Found a radiant altar of Vehumet.
   226 | D        | Found a glowing silver altar of Zin.
   227 | D        | Found a sparkling altar of Nemelex Xobeh.
   227 | D        | Found a hide-covered altar of Uskayaw.
   227 | D        | Found a basalt altar of Yredelemnul.
   228 | D        | Found an opulent altar of Gozag.
   228 | D        | Found a burning altar of Makhleb.
   228 | D        | Found a bloodstained altar of Trog.
   229 | D        | Found a blossoming altar of Fedhas.
   229 | D        | Found a corrupted altar of Lugonu.
   229 | D        | Found a shimmering blue altar of Sif Muna.
   229 | D        | Found a shimmering altar of Xom.
   230 | D        | Found a white marble altar of Elyvilon.
   230 | D        | Found an ancient bone altar of Kikubaaqudgha.
   230 | D        | Found a sacrificial altar of Ru.
   231 | D        | Found a shadowy altar of Dithmenos.
   231 | D        | Found a viscous altar of Jiyva.
   232 | D        | Found a snail-covered altar of Cheibriados.
   234 | D        | Found a hazy altar of Hepliaklqana.
   235 | D        | Found a glowing golden altar of the Shining One.
   235 | D        | Found an ornate altar of the Wu Jian Council.
   235 | D        | Found a stormy altar of Qazlal.
   241 | D        | Became a worshipper of Sif Muna the Loreminder
   255 | D        | Noticed a kraken
   385 | D        | Learned a level 3 spell: Hailstorm
   391 | D        | Slain by a tentacle

Illustrated notes

Levels and vault maps discovered:
D:        the_violet_keep_of_menkaure [sprint2_stairs_cluster_1,
          sprint2_shoproom, sprint2_temple, sprint2_basic_supplies,
          sprint2_obstacle_6, sprint2_obstacle_7, sprint2_obstacle_1,
          sprint2_obstacle_2, sprint2_obstacle_4, sprint2_timed_cluster_1,
          sprint2_smallroom_cluster_1, sprint2_smallroom_final_cluster_1,
          sprint2_transparent_cluster_1, sprint2_second_timed_cluster_1,
          sprint2_sniper_area_1, sprint2_heavy_combat_area_1,
          sprint2_mutation_trap_area_1, sprint2_forest_area_1,
          sprint2_light_combat_area_1, sprint2_behind_water_1,
          sprint2_near_end_vault_1]

Skill      XL: |  1  2  3  4  5  6 |
---------------+-------------------+-----
Dodging        | 3 4 5 |  5.1
Stealth        | 4 5 |  5.5
Spellcasting   | 3 4 5 7 |  7.0
Fire Magic     | 6 7 8 9 |  9.8
Conjurations   | 2 3 5 |  5.2
Hexes          | 1 |  1.6
Summonings     | 1 |  1.5
Air Magic      | 1 |  1.5
Poison Magic   | 2 |  2.0
Unarmed Combat | |  0.7

Action                     |  1- 3 |  4- 6 |  7- 9 || total
---------------------------+-------+-------+-------++-------
  Melee: Unarmed           |     5 |    10 |       ||    15
         Constrict         |     1 |     3 |       ||     4
         Tentacles         |     1 |     3 |       ||     4
   Cast: Scorch            |       |     6 |       ||     6
         Flame Wave        |       |     1 |       ||     1
    Use: Potion            |     1 |     1 |       ||     2
 Armour: Skin              |     2 |     3 |     4 ||     9
  Dodge: Dodged            |     2 |    10 |       ||    12

Table legend: (Time is in decaauts)
 A = Elapsed time spent in this place.
 B = Non-inter-level travel time spent in this place.
 C = Inter-level travel time spent in this place.
 D = Time resting spent in this place.
 E = Time spent auto-exploring this place.
 F = Levels seen in this place.
 G = Mean time per level.
                   A        B        C        D        E       F      G
               +--------+--------+--------+--------+--------+-----+--------+
         Total |    396 |    396 |      0 |     94 |      0 |   1 |  396.0 |
       Dungeon |    396 |    396 |      0 |     94 |      0 |   1 |  396.0 |
               +--------+--------+--------+--------+--------+-----+--------+

Top non-repeatable levels by time:
       D: 396 daAuts
